 Dungeon Crawl Stone Soup version 0.28-a0-586-gbdb9d174a4 (webtiles) character file.

Game seed: 15868558076760204047

11341 Antediluvian the Fighter (level 12, -5/99 HPs)
             Began as a Formicid Monk on Oct 3, 2021.
             Was an Elder of Nemelex Xobeh.
             Hit by a large rock thrown by a stone giant (17 damage)
             ... in a volcano.
             The game lasted 00:45:49 (19050 turns).

Antediluvian the Fighter (Formicid Monk)           Turns: 19050, Time: 00:45:49

Health: -5/99      AC: 18    Str: 19    XL:     12   Next: 6%
Magic:  18/18      EV:  7    Int: 11    God:    Nemelex Xobeh [****..]
Gold:   597        SH:  5    Dex: 14    Spells: 11/11 levels left

rFire   + . .      SeeInvis +   p - +2 flail (protect)
rCold   . . .      Faith    .   E - +0 buckler
rNeg    . . .      Spirit   .   g - +0 plate armour
rPois   +          Reflect  .   (helmet unavailable)
rElec   .          Harm     .   (no cloak)
rCorr   .          Rampage  .   s - +2 pair of gloves
Will    +....                   (no boots)
Stlth   ..........              (no amulet)
HPRegen 0.26/turn               h - ring of poison resistance
MPRegen 0.16/turn               j - ring of protection from fire

@: no status effects
A: permanent stasis, dig shafts and tunnels, antennae 3, four strong arms
a: Dig, Renounce Religion, Draw Escape, Draw Destruction, Draw Summoning, Triple
Draw, Deal Four


You were in a volcano.
You worshipped Nemelex Xobeh.
Nemelex Xobeh was greatly pleased with you.
You visited 3 branches of the dungeon, and saw 12 of its levels.
You also visited: Volcano.

You collected 597 gold pieces.

Inventory:

Hand Weapons
 p - a +2 flail of protection (weapon)
Armour
 g - a +0 plate armour (worn)
 s - a +2 pair of gloves (worn)
 E - a +0 buckler (worn)
Jewellery
 h - a ring of poison resistance (left hand)
 j - a ring of protection from fire (right hand)
 t - a ring of protection from cold
 C - a ring of resist corrosion
 I - an amulet of magic regeneration
 L - a ring of flight
Wands
 u - a wand of digging (3)
 y - a wand of paralysis (9) (quivered)
 z - a wand of mindburst (19)
 F - a wand of polymorph (10)
 G - a wand of iceblast (8)
Scrolls
 a - a scroll of noise {unknown}
 e - a scroll of torment {unknown}
 i - 2 scrolls of amnesia {unknown}
 l - 3 scrolls of immolation
 m - 4 scrolls of magic mapping
 o - 4 scrolls of enchant weapon {unknown}
 w - a scroll of brand weapon {unknown}
 x - a scroll of fog {unknown}
 A - a scroll of silence {unknown}
 D - 4 scrolls of identify
 K - a scroll of blinking {unknown}
Potions
 b - a potion of ambrosia {unknown}
 c - a potion of resistance {unknown}
 d - a potion of curing
 f - 3 potions of brilliance
 k - a potion of haste {unknown}
 n - a potion of magic {unknown}
 q - 2 potions of berserk rage
 r - 2 potions of lignification
 v - a potion of might {unknown}
 B - a potion of mutation {unknown}
 H - a potion of flight {unknown}
 J - a potion of attraction {unknown}


   Skills:
 + Level 10.8 Fighting
 + Level 9.9 Maces & Flails
 + Level 10.2 Armour
 - Level 2.6 Dodging
 - Level 2.4 Stealth
 + Level 5.6 Shields
 + Level 8.6 Invocations


You had 11 spell levels left.
You didn't know any spells.
Your spell library contained the following spells:

 Spells                   Type           Power      Damage    Failure   Level
 Sting                    Tmut/Pois      0%         1d3       100%        1
 Corpse Rot               Necr/Air       N/A        N/A       100%        2
 Ensorcelled Hibernation  Hex/Ice        0%         N/A       100%        2
 Poisonous Vapours        Pois/Air       0%         N/A       100%        2
 Frozen Ramparts          Ice            0%         1d2       100%        3
 Ozocubu's Armour         Ice            0%         N/A       100%        3
 Portal Projectile        Hex/Tloc       0%         N/A       100%        3
 Tukima's Dance           Hex            0%         N/A       100%        3
 Dispel Undead            Necr           0%         3d6       100%        4
 Ice Form                 Ice/Tmut       0%         N/A       100%        4
 Olgreb's Toxic Radiance  Pois           0%         N/A       100%        4
 Summon Ice Beast         Ice/Summ       0%         N/A       100%        4
 Blade Hands              Tmut           0%         N/A       100%        5
 Excruciating Wounds      Necr           0%         N/A       100%        5
 Death Channel            Necr           0%         N/A       100%        6
 Malign Gateway           Summ/Tloc      0%         N/A       100%        7
 Ozocubu's Refrigeration  Ice            0%         4d5       100%        7
 Summon Horrible Things   Summ           0%         N/A       100%        8


Dungeon Overview and Level Annotations

Branches:
Dungeon (10/15)            Temple (1/1) D:5            Lair (1/6) D:9
    Orc (0/2) D:10        Volcano (1/1)

Altars:
Ashenzari
Cheibriados
Dithmenos
Elyvilon
Fedhas
Gozag
Hepliaklqana
Kikubaaqudgha
Makhleb
Nemelex Xobeh
Okawaru
Qazlal
Ru
Sif Muna
Trog
Uskayaw
Vehumet
Wu Jian
Xom
Yredelemnul
Zin
The Shining One
Beogh

Shops:
D:3 ?

Annotations:
D:4 1 runed translucent door, yegreS's ghost, amateur MiFi


Innate Abilities, Weirdness & Mutations

You cannot be hasted, slowed, berserked, paralysed or teleported.
You can dig through walls and to a lower floor.
You have a pair of large antennae on your head. (SInv)
Your four strong arms can wield two-handed weapons with a shield.


Message History

You draw a card...
You have drawn the Cloud.
Clouds appear around you!
The stone giant throws a large rock.
The large rock hits you!
You draw a card...
You have drawn the Tomb.
Walls emerge from the floor!
The air gets thick with the scent of sulphur.
In the distance, the volcano erupts with a roar.
The walls disappear!
The stone giant throws a large rock.
The large rock hits you but does no damage.
You draw a card...
You have drawn the Cloud.
Clouds appear around you!
You hit the stone giant but do no damage.
Your weapon exudes an aura of protection.
The stone giant hits you but does no damage.
You hit the stone giant but do no damage.
The stone giant hits you!!
You completely miss the stone giant.
The stone giant hits you but does no damage.
The stone giant throws a large rock.
The large rock hits you!
You draw a card...
You have drawn Velocity.
The stone giant seems to slow down.
The stone giant throws a large rock.
The large rock hits you!!
* * * LOW HITPOINT WARNING * * *
You draw a card...
You have drawn the Swarm.
The air gets thick with the scent of sulphur.
What are your orders? t - Shout!
Orders for allies: a - Attack new target. r - Retreat! s - Stop attacking. g - Guard the area. f - Follow me.
Anything else - Cancel.
Gang up on whom?
Press: ? - help, Dir - move target, f - stone giant
Aim: a stone giant, quivering large rocks (black smoke, slow) Attack!
In the distance, the volcano erupts with a roar.
Your killer bee stings the stone giant.
Your killer bee stings the stone giant.
The stone giant hits your killer bee!!
Your killer bee dies!
Your killer bee's corpse disappears in a puff of smoke!
The stone giant is no longer moving slowly.
The stone giant throws a large rock.
The large rock hits you!
You die...
Your body glows slightly and disappears.

######## ####....C.##
###....≈§§§≈.####
8.....§≈§≈§§§§..####
.....≈§§§≈§§§≈≈.@..###
8....≈§§≈§≈≈≈≈≈≈≈....###
##).§≈§§≈§§≈≈§§§≈≈.....###
##..§§§≈§§§§§§≈≈≈≈≈......##
#..§≈≈§≈≈§≈§≈≈§≈≈§§§.§....##
..≈§≈≈§§≈§§§≈≈§≈§≈§§§≈.....##
.≈≈≈≈§§§§§≈≈§≈§§≈§§≈≈§§§§...##
.§≈≈≈§§≈≈≈≈≈≈≈≈§§≈§≈≈§§§§....##
..§≈§≈≈≈≈≈≈§≈≈≈§§≈≈≈≈§≈≈§§....#


You could see a stone giant.

Vanquished Creatures
  Erica (D:8)
  A two-headed ogre (D:9)
  Pikel (D:7)
  2 gargoyles (Volcano)
  A komodo dragon (Lair:1)
  2 trolls (D:10)
  Prince Ribbit (D:7)
  A hornet (D:7)
  A tarantella (D:8)
  A wraith (D:8)
  5 fire bats (Volcano)
  8 yaks (D:10)
  3 vampire mosquitoes (D:10)
  A steam dragon (D:10)
  An acid dragon (D:9)
  Edmund (D:4)
  3 water moccasins
  2 ice beasts (D:6)
  3 orc warriors
  A sky beast (D:8)
  A necrophage (D:8)
  2 wolves
  5 centaurs
  2 lemures (D:7)
  A kobold brigand (D:8)
  A phantom (D:4)
  2 gnoll sergeants
  An earth elemental (Volcano)
  3 scorpions
  9 killer bees
  4 electric eels (D:9)
  4 wights
  A vampire bat (D:3)
  A howler monkey (D:8)
  6 centaur zombies
  5 lava snakes (Volcano)
  A centaur skeleton (D:6)
  8 hounds
  4 orc priests
  2 iguanas
  7 orc wizards
  A killer bee zombie (D:6)
  A hound zombie (D:5)
  Robin (D:3)
  10 gnolls
  A howler monkey zombie (D:7)
  11 adders
  2 ufetubi
  An adder zombie (D:5)
  An adder skeleton (D:4)
  7 worms
  4 dart slugs
  43 orcs
  4 bats
  3 bat skeletons (D:3)
  4 bat zombies (D:3)
  8 endoplasms
  4 giant cockroaches
  13 hobgoblins
  4 jackals (D:1)
  14 kobolds
  7 quokkas
  5 ball pythons
  2 frilled lizards (D:2)
  13 goblins
  2 rats
276 creatures vanquished.

Vanquished Creatures (collateral kills)
  A troll (D:9)
  Duvessa (D:7)
  2 orc warriors (D:7)
  A necrophage (D:7)
  Dowan (D:7)
  A gnoll shaman (D:7)
  A gnoll (D:9)
8 creatures vanquished.

Vanquished Creatures (others)
  An orc wizard (D:7)
  10 plants (D:1)
11 creatures vanquished.

Grand Total: 295 creatures vanquished

Notes
Turn   | Place    | Note
-------+----------+-------------------------------------------
     0 | D:1      | Antediluvian the Formicid Monk began the quest for the Orb.
     0 | D:1      | Reached XP level 1. HP: 18/18 MP: 1/1
   469 | D:1      | Reached XP level 2. HP: 20/24 MP: 2/2
   528 | D:1      | Reached skill level 1 in Armour
  1079 | D:2      | Reached XP level 3. HP: 30/30 MP: 3/3
  2006 | D:2      | Reached XP level 4. HP: 30/37 MP: 4/4
  3056 | D:3      | Reached XP level 5. HP: 40/42 MP: 5/5
  3085 | D:3      | Found an ancient bone altar of Kikubaaqudgha.
  3702 | D:3      | Found Seupauxa's Magic Scroll Shop.
  3740 | D:3      | Reached XP level 6. HP: 47/50 MP: 6/6
  4042 | D:3      | Found a radiant altar of Vehumet.
  4360 | D:3      | Reached skill level 5 in Fighting
  4910 | D:4      | Noticed Robin
  4960 | D:3      | Killed Robin
  5149 | D:4      | Found a runed translucent door.
  5150 | D:4      | Noticed yegreS's ghost (amateur MiFi)
  5434 | D:4      | Reached XP level 7. HP: 38/56 MP: 7/7
  5642 | D:4      | Noticed Edmund
  5986 | D:4      | Killed Edmund
  5987 | D:4      | Reached skill level 5 in Maces & Flails
  6156 | D:5      | Entered Level 5 of the Dungeon
  6576 | D:5      | Found a staircase to the Ecumenical Temple.
  6582 | Temple   | Entered the Ecumenical Temple
  6689 | Temple   | Became a worshipper of Nemelex Xobeh the Trickster
  6689 | Temple   | Reached * piety under Nemelex Xobeh
  6689 | Temple   | Received a gift from Nemelex Xobeh
  6689 | Temple   | Reached ** piety under Nemelex Xobeh
  7101 | D:5      | Reached skill level 5 in Armour
  7101 | D:5      | Reached XP level 8. HP: 50/64 MP: 8/8
  7634 | D:5      | HP: 3/65 [killer bee (4)]
  7634 | D:5      | HP: 1/65 [killer bee (2)]
  8577 | D:6      | Reached XP level 9. HP: 72/72 MP: 9/9
  8582 | D:6      | Reached skill level 1 in Invocations
  9038 | D:6      | Found a hazy altar of Hepliaklqana.
  9178 | D:7      | Noticed a hornet
  9183 | D:7      | Killed a hornet
  9211 | D:7      | Noticed Pikel
  9232 | D:7      | Killed Pikel
  9494 | D:7      | Noticed Duvessa
  9501 | D:7      | Noticed Dowan
  9678 | D:7      | Received a gift from Nemelex Xobeh
  9686 | D:7      | Noticed Prince Ribbit
  9974 | D:7      | Killed Prince Ribbit
 10003 | D:7      | Killed Duvessa
 10004 | D:7      | Killed Dowan
 10083 | D:7      | Reached XP level 10. HP: 65/82 MP: 13/13
 10122 | D:6      | Reached skill level 5 in Invocations
 10511 | D:7      | Reached *** piety under Nemelex Xobeh
 11579 | D:8      | Found a burning altar of Makhleb.
 11579 | D:8      | Found an iron altar of Okawaru.
 11629 | D:8      | Noticed Erica
 11649 | D:8      | Killed Erica
 12074 | D:8      | Found a shadowy altar of Dithmenos.
 12449 | D:9      | Noticed Joseph
 12494 | D:8      | Reached skill level 1 in Shields
 13053 | D:9      | Noticed Joseph
 13053 | D:9      | Joseph changed into Joseph the acid dragon
 13071 | D:9      | Killed Joseph the acid dragon
 13124 | D:9      | Noticed a two-headed ogre
 13175 | D:9      | HP: 1/83 [two-headed ogre (22)]
 13550 | D:9      | Noticed a two-headed ogre
 13551 | D:9      | Received a gift from Nemelex Xobeh
 13552 | D:9      | a two-headed ogre changed into a tarantella
 13966 | D:9      | Reached XP level 11. HP: 72/90 MP: 16/16
 14158 | D:9      | Killed a two-headed ogre
 14917 | D:9      | Found a staircase to the Lair.
 15276 | D:8      | Reached skill level 10 in Fighting
 15685 | D:9      | Found an opulent altar of Gozag.
 15816 | D:10     | Entered Level 10 of the Dungeon
 15857 | D:10     | Found a shimmering blue altar of Sif Muna.
 16450 | D:10     | Received a gift from Nemelex Xobeh
 16757 | D:10     | Reached **** piety under Nemelex Xobeh
 16766 | D:10     | Found a snail-covered altar of Cheibriados.
 16845 | D:10     | Found a staircase to the Orcish Mines.
 17558 | Lair:1   | Entered Level 1 of the Lair of Beasts
 17567 | D:9      | Reached skill level 5 in Shields
 17588 | Lair:1   | Reached skill level 10 in Armour
 17825 | Lair:1   | Found a dark tunnel.
 17834 | Volcano  | Entered a volcano
 18676 | Volcano  | Reached XP level 12. HP: 46/99 MP: 18/18
 18932 | Volcano  | Noticed a stone giant
 19050 | Volcano  | Hit by a large rock thrown by a stone giant

Illustrated notes

Levels and vault maps discovered:
D:1:      minmay_arrival_plants_in_alcoves, layout_basic,
          serial_co_window_serial, co_window_paths_a, co_window_paths_a,
          co_window_corner_a, co_window_of_opportunity_a, co_window_corner_a,
          co_window_broadway_c, co_window_broadway_a, co_window_cross_3,
          co_window_sun, glass_columns_c, glass_columns_a, glass_columns_a
D:2:      layout_basic, grunt_ministairs_5, minmay_quadrilaterals
D:3:      layout_loops_corners, kennysheep_vampire_church, vehumet_crystals,
          gup_sewer_entry_spiral, serial_shops, nicolae_shop_window_shopping,
          minmay_misc_feat_four_crosses
D:4:      layout_loops_ring, ebering_ghost_inner_flame, uniq_robin, uniq_edmund
D:5:      layout_loops_corners, temple_fountains, chequers_hall_statues_y
D:6:      layout_loops_ring, lemuel_crystal_altar, patterned_corridor
D:7:      layout_basic, minmay_misc_feat_cross, minmay_fractal_squares_5,
          uniq_pikel, uniq_duvessa, uniq_prince_ribbit1
D:8:      layout_loops_ring, gammafunk_temple_overflow_pools,
          nicolae_dithmenos_the_darkroom, grunt_decor_fettered, uniq_erica
D:9:      layout_cave_pools, grunt_gozag_statues, erik_lair_island,
          feat_on_display, uniq_joseph
D:10:     layout_roguey, lemuel_tele_altar, kennysheep_little_box,
          minmay_orc_entry_temple_small
Temple:   dshaligram_water_room_temple
Lair:1:   layout_gridlike, lightli_volcano_entry_magma_tube
Volcano:  volcano_grotto [vgs_dualism]

Skill      XL: |  1  2  3  4  5  6  7  8  9 10 11 |
---------------+----------------------------------+-----
Armour         | 1 2 3 4 5 6 7 9 10 | 10.2
Fighting       | 4 5 6 7 8 9 10 | 10.8
Maces & Flails | 4 5 6 7 8 9 |  9.9
Invocations    | 4 6 8 |  8.6
Shields        | 2 5 |  5.6
Dodging        | |  2.6
Stealth        | |  2.4

Action                   |  1- 3 |  4- 6 |  7- 9 | 10-12 || total
-------------------------+-------+-------+-------+-------++-------
Melee: Mace              |    88 |   325 |    23 |       ||   436
       Flail             |       |       |   292 |   723 ||  1015
       Unarmed           |       |       |     6 |       ||     6
Invok: Draw Destruction  |       |       |     7 |    12 ||    19
       Draw Summoning    |       |       |     1 |     4 ||     5
       Draw Escape       |       |       |       |     9 ||     9
 Abil: Dig               |       |     1 |     2 |    10 ||    13
Evoke: Wand              |       |       |     9 |     1 ||    10
  Use: Scroll            |       |       |     6 |     1 ||     7
       Potion            |       |       |     2 |       ||     2
 Stab: Sleeping          |     7 |     1 |       |       ||     8
       Paralysed         |       |       |    15 |       ||    15
Armor: Robe              |     7 |       |       |       ||     7
       Leather armour    |     8 |    21 |       |       ||    29
       Ring mail         |       |    36 |       |       ||    36
       Scale mail        |       |    87 |     1 |       ||    88
       Chain mail        |       |       |   112 |       ||   112
       Plate armour      |       |       |    99 |   522 ||   621
Dodge: Dodged            |    43 |   180 |   132 |   232 ||   587
Block: Buckler           |       |       |       |    88 ||    88

Table legend: (Time is in decaauts)
 A = Elapsed time spent in this place.
 B = Non-inter-level travel time spent in this place.
 C = Inter-level travel time spent in this place.
 D = Time resting spent in this place.
 E = Time spent auto-exploring this place.
 F = Levels seen in this place.
 G = Mean time per level.
                   A        B        C        D        E       F      G
               +--------+--------+--------+--------+--------+-----+--------+
         Total |  19162 |  18866 |    296 |    196 |  14694 |  13 | 1474.0 |
       Dungeon |  17644 |  17383 |    261 |     75 |  13680 |  10 | 1764.4 |
        Temple |    123 |     88 |     35 |      0 |     62 |   1 |  123.0 |
          Lair |    189 |    189 |      0 |    121 |      0 |   1 |  189.0 |
       Volcano |   1205 |   1205 |      0 |      0 |    952 |   1 | 1205.0 |
               +--------+--------+--------+--------+--------+-----+--------+

Top non-repeatable levels by time:
     D:8: 2500 daAuts
     D:9: 2154 daAuts
     D:3: 2129 daAuts
     D:2: 1896 daAuts
     D:6: 1877 daAuts
    D:10: 1706 daAuts
     D:5: 1647 daAuts
     D:7: 1502 daAuts
 Volcano: 1205 daAuts
     D:4: 1156 daAuts
     D:1: 1073 daAuts
  Lair:1: 189 daAuts
  Temple: 123 daAuts
